 Dungeon Sprint DCSS version 0.27.1-33-g824d729ab1 (webtiles) character file.

Game seed: 150715182242926407

21 Groucho the Covered (level 2, -1/20 HPs)
             Began as a Gargoyle Fighter on Nov 28, 2021.
             Was a Follower of Cheibriados.
             Slain by a river rat (2 damage)
             ... in the Dungeon (Sprint VII: "The Pits").
             The game lasted 00:01:04 (122 turns).

Groucho the Covered (Gargoyle Fighter)               Turns: 122, Time: 00:01:05

Health: -1/20      AC: 10    Str: 21    XL:     2   Next: 87%
Magic:  2/2        EV:  7    Int: 10    God:    Cheibriados [*.....]
Gold:   0          SH:  9    Dex: 11    Spells: 1/1 levels left

rFire    . . .     SeeInvis .   a - +0 war axe
rCold    . . .     Faith    .   c - +0 kite shield
rNeg     + . .     Spirit   .   b - +0 scale mail
rPois    ∞         Reflect  .   (no helmet)
rElec    +         Harm     .   (no cloak)
rCorr    .         Rampage  .   (no gloves)
Will     .....     NoTele   +   (no boots)
Stlth    ..........             (no amulet)
HPRegen  0.06/turn              (no ring)
MPRegen  0.08/turn              (no ring)

@: very slow
A: sickness immunity, AC +2, negative energy resistance 1, electricity
resistance, torment resistance 1, petrification resistance
a: Renounce Religion, Bend Time


You were in the Dungeon.
You worshipped Cheibriados.
Cheibriados was aware of your devotion.
You visited 1 branch

Inventory:

Hand Weapons
 a - a +0 war axe (weapon)
Missiles
 n - 10 stones (quivered)
Armour
 b - a +0 scale mail (worn)
 c - a +0 kite shield (worn)
Scrolls
 j - a scroll of blinking
 l - 5 scrolls of amnesia
 m - a scroll of summoning
Potions
 d - a potion of might
 e - a potion of curing
 g - a potion of haste
 h - 4 potions of magic
 i - 3 potions of berserk rage
 k - 2 potions of invisibility


   Skills:
 + Level 4.3 Fighting
 + Level 2.9 Axes
 + Level 4.4 Armour
 + Level 4.3 Shields
 + Level 1.0 Invocations


You had one spell level left.
You didn't know any spells.
Your spell library was empty.

Dungeon Overview and Level Annotations

Branches:
Dungeon (1/1)

Altars:
Ashenzari
Cheibriados
Dithmenos
Elyvilon
Fedhas
Gozag
Hepliaklqana
Kikubaaqudgha
Makhleb
Nemelex Xobeh
Okawaru
Qazlal
Ru
Sif Muna
Trog
Uskayaw
Vehumet
Wu Jian
Xom
Yredelemnul
Zin
The Shining One
Beogh
Jiyva
Lugonu


Innate Abilities, Weirdness & Mutations

You are immune to sickness and miasma.
Your stone body is resilient. (AC +2)
You are immune to poison.
You resist negative energy. (rN+)
You are resistant to electric shocks. (rElec)
You are resistant to unholy torment.
You are immune to petrification.


Message History

Unknown command.
You closely miss the river rat.
The river rat is heavily wounded.
You hit the river rat. You block the river rat's attack.
The river rat bites you.
The river rat bites you but does no damage.
You block the river rat's attack.
You slash the river rat!
You kill the river rat!
Cheibriados appreciates the change of pace.
Cheibriados is now slowing the effects of poison on you.
Cheibriados raises the support of your attributes as your movement slows.
You closely miss the river rat. The river rat bites you. x2
* * * LOW HITPOINT WARNING * * *
Your Invocations skill increases to level 1!
Unknown command.
Okay, then.
You slash the river rat!
The river rat is almost dead.
You block the river rat's attack.
Unknown command.
Unknown command.
You barely miss the river rat.
The river rat is almost dead.
You block the river rat's attack. The river rat closely misses you.
You barely miss the river rat.
The river rat is almost dead.
You block the river rat's attack.
You closely miss the river rat.
The river rat is almost dead.
You block the river rat's attack. x2
You closely miss the river rat.
The river rat is almost dead.
The river rat bites you but does no damage.
You barely miss the river rat.
The river rat is almost dead.
The river rat bites you.
* * * LOW HITPOINT WARNING * * *
The river rat bites you.
You die...

#_________.#
#_______...###########+
##########'##..........
#.?..')))'.##......#..#
##########.##..........
#.......)...'..........
#+#####'#####......#..#
#..#†.# #..........
#.Kr@.# ####'#####+
#..#### #.......# #..
#.......# #.. #.......#
##+ #...<...# #.......#
#.......# #.......#
#########


You could see a river rat and a kobold.

Vanquished Creatures
  A gnoll (D)
  A river rat (D)
  A goblin (D)
  A frilled lizard (D)
4 creatures vanquished.

Notes
Turn   | Place    | Note
-------+----------+-------------------------------------------
     0 | D        | Groucho the Gargoyle Fighter began the quest for the Orb.
     0 | D        | Reached XP level 1. HP: 14/14 MP: 1/1
    35 | D        | Found a bloodstained altar of Trog.
    35 | D        | Found a shimmering blue altar of Sif Muna.
    35 | D        | Found a viscous altar of Jiyva.
    35 | D        | Found a hazy altar of Hepliaklqana.
    35 | D        | Found an opulent altar of Gozag.
    36 | D        | Found a glowing golden altar of the Shining One.
    36 | D        | Found a glowing silver altar of Zin.
    36 | D        | Found a basalt altar of Yredelemnul.
    36 | D        | Found a shimmering altar of Xom.
    36 | D        | Found an ornate altar of the Wu Jian Council.
    36 | D        | Found a sacrificial altar of Ru.
    36 | D        | Found a stormy altar of Qazlal.
    36 | D        | Found an iron altar of Okawaru.
    36 | D        | Found a sparkling altar of Nemelex Xobeh.
    36 | D        | Found a burning altar of Makhleb.
    36 | D        | Found a blossoming altar of Fedhas.
    36 | D        | Found a white marble altar of Elyvilon.
    36 | D        | Found a shadowy altar of Dithmenos.
    36 | D        | Found a snail-covered altar of Cheibriados.
    38 | D        | Found a radiant altar of Vehumet.
    38 | D        | Found a corrupted altar of Lugonu.
    39 | D        | Found a hide-covered altar of Uskayaw.
    39 | D        | Found an ancient bone altar of Kikubaaqudgha.
    39 | D        | Found a broken altar of Ashenzari.
    51 | D        | Became a worshipper of Cheibriados the Contemplative
   101 | D        | Reached XP level 2. HP: 18/20 MP: 2/2
   116 | D        | Reached * piety under Cheibriados
   117 | D        | Reached skill level 1 in Invocations
   122 | D        | HP: 1/20 [river rat (5)]
   122 | D        | Slain by a river rat

Illustrated notes

Levels and vault maps discovered:
D:        pitsprint [storerooms_1, entrance_room_1, metal_vault_2, armoury_1,
          mini_pit_1, grid_room_1, main_hall_1, silver_pit, the_coven_2,
          the_vestibule_1, steel_vault_5, golden_pit, hallway_of_sentries,
          crystal_vault_1, iron_vault_4, final_vault]

Skill      XL: |  1  2 |
---------------+-------+-----
Fighting       | 4 |  4.3
Axes           | 2 |  2.9
Armour         | 4 |  4.4
Shields        | 4 |  4.3
Invocations    | 1 |  1.0

Action                   || total
-------------------------++-------
Melee: War axe           ||    19
  Use: Potion            ||     1
Armor: Scale mail        ||     8
Dodge: Dodged            ||     5
Block: Kite shield       ||    15
